 Dungeon Crawl Stone Soup version 0.27-a0-965-gbf8bb431c4 (webtiles) character file.

Game seed: 3053571070565407044

83 lunkers the Magician (level 4, -1/33 HPs)
             Began as a Djinni Earth Elementalist on Apr 8, 2021.
             Slain by a gnoll
             ... wielding a +0 spear
              (9 damage)
             ... on level 3 of the Dungeon on Apr 12, 2021.
             The game lasted 00:04:06 (2473 turns).

lunkers the Magician (Djinni Earth Elementalist)    Turns: 2473, Time: 00:04:07

Health: -1/33      AC:  2    Str:  7    XL:     4   Next: 44%
Gold:   98         EV: 12    Int: 18    God:
                   SH:  0    Dex: 13

rFire    + + .     SeeInvis .   e - +3 dagger (venom)
rCold    x . .     Faith    .   (no shield)
rNeg     . . .     Spirit   .   c - +0 robe
rPois    ∞         Reflect  .   (no helmet)
rElec    .         Harm     .   (no cloak)
rCorr    .         Rampage  .   (no gloves)
Will     .....                  (boots unavailable)
Stlth    ++........             (no amulet)
HPRegen  0.11/turn              (no ring)
MPRegen  0.00/turn              (no ring)

@: flying
A: fire resistance 2, cold vulnerability 1, float, innate caster, hp casting,
extra vitality 1
a: no special abilities


You were on level 3 of the Dungeon.
You visited 1 branch of the dungeon, and saw 3 of its levels.

You collected 98 gold pieces.

Inventory:

Hand Weapons
 e - a +3 dagger of venom (weapon)
Missiles
 b - 36 stones
Armour
 c - a +0 robe (worn)
Wands
 m - a wand of flame (18)
Scrolls
 a - 3 scrolls of immolation {unknown}
 d - a scroll of enchant weapon {unknown}
 f - a scroll of enchant armour {unknown}
 g - a scroll of amnesia {unknown}
 j - 2 scrolls of identify {unknown}
 k - a scroll of holy word {unknown}
Potions
 h - 2 potions of heal wounds {unknown}
 i - a potion of degeneration {unknown}
 l - a potion of curing {unknown}
 n - 2 potions of lignification {unknown}


   Skills:
 + Level 2.0 Fighting
 - Level 2.1 Dodging
 - Level 1.5 Stealth
 * Level 3.9 Spellcasting


You couldn't memorise any spells.
You knew the following spells:

 Your Spells              Type           Power      Damage    Failure   Level
a - Stone Arrow           Conj/Erth      34%        3d9       9%          3
b - Passwall              Tmut/Erth      14%        N/A       4%          2
c - Sandblast             Erth           34%        2d9       3%          1
d - Petrify               Tmut/Erth      17%        N/A       28%         4
e - Lee's Rapid Deconstr  Erth           8%         3d8*      63%         5
f - Sting                 Tmut/Pois      68%        1d6       3%          1
Your spell library was empty.

Dungeon Overview and Level Annotations

Branches:
Dungeon (3/15)

Altars:
Elyvilon
Yredelemnul


Innate Abilities, Weirdness & Mutations

You are immune to poison.
Your flesh is very heat resistant. (rF++)
You are vulnerable to cold. (rC-)
You float through the air rather than walking.
You learn spells naturally, not from books.
Your magical power is your life essence.
You have superior vitality. (+4 HP)


Message History

Aiming: Sandblast (safe; 3% risk of failure)
Press: ? - help, Shift-Dir - straight line, f - gnoll
Aim: a gnoll, wielding a +0 spear (18% to evade)
The blast of sand misses the gnoll.
The blast of sand hits the gnoll!
The gnoll is severely wounded.
The gnoll hits you from afar with a +0 spear.
* * * LOW HITPOINT WARNING * * *
Casting: Sandblast (safe; 3% risk of failure)
Confirm with . or Enter, or press ? or * to list all spells.
Aiming: Sandblast (safe; 3% risk of failure)
Press: ? - help, Shift-Dir - straight line, f/p - gnoll
Aim: a gnoll, wielding a +0 spear (18% to evade)
The blast of sand hits the gnoll.
The gnoll is moderately wounded.
* * * LOW HITPOINT WARNING * * *
The gnoll hits you from afar with a +0 spear!
* * * LOW HITPOINT WARNING * * *
A goblin comes into view. It is wielding a +0 dagger.
Casting: Sandblast (safe; 3% risk of failure)
Confirm with . or Enter, or press ? or * to list all spells.
Aiming: Sandblast (safe; 3% risk of failure)
Press: ? - help, Shift-Dir - straight line, f/p - gnoll
Aim: a gnoll, wielding a +0 spear (moderately wounded, 18% to evade)
The blast of sand hits the gnoll.
The gnoll is moderately wounded.
* * * LOW HITPOINT WARNING * * *
The gnoll closely misses you.
Unknown command.
Casting: Sandblast (safe; 3% risk of failure)
Confirm with . or Enter, or press ? or * to list all spells.
Aiming: Sandblast (safe; 3% risk of failure)
Press: ? - help, Shift-Dir - straight line, f/p - gnoll
Aim: a gnoll, wielding a +0 spear (moderately wounded, 18% to evade)
The blast of sand hits the gnoll!
You kill the gnoll!
* * * LOW HITPOINT WARNING * * *
Your Fighting skill increases to level 2!
The gnoll misses you. The gnoll hits you with a +0 spear!
You die...

. #....#.#.#####.# .#
#....#.......#.#
..###....#...###.#.#####
.........#.......#.....#
#g. #.......#......###.#
... ....#....####.###+####
...####.##.......#.##.....#
....<.g)...g######.##...:.#
.#.####.###...g.@#.##.....#
........#......gg.........#
.##.###.#.######.#.#......#
. #.#.# #.#.#......# #.#.#
#.#.#.#.#### #.#.#
#...#.#.# #.#.#
###.#.#.########## #.#..
..#.#........... ###
#.#.############


You could see 3 gnolls and a goblin.

Vanquished Creatures
  3 adders (D:2)
  A gnoll (D:3)
  A worm (D:2)
  A dart slug (D:2)
  A bat (D:1)
  7 endoplasms (D:1)
  4 giant cockroaches
  A goblin (D:1)
  4 hobgoblins
  2 jackals (D:1)
  4 ball pythons
  3 frilled lizards
  5 kobolds
  5 rats
42 creatures vanquished.

Notes
Turn   | Place    | Note
-------+----------+-------------------------------------------
     0 | D:1      | lunkers the Djinni Earth Elementalist began the quest for
                  | the Orb.
     0 | D:1      | Reached XP level 1. HP: 15/15 MP: 0/0
   337 | D:1      | Reached skill level 3 in Spellcasting
   337 | D:1      | Reached XP level 2. HP: 14/22 MP: 0/0
   609 | D:1      | Reached skill level 1 in Fighting
  1033 | D:1      | Reached XP level 3. HP: 19/27 MP: 0/0
  1033 | D:1      | Learned a level 1 spell: Sting
  1632 | D:2      | Found a white marble altar of Elyvilon.
  1848 | D:2      | Upgraded the game from 0.27-a0-909-g0721f309d1 to
                  | 0.27-a0-965-gbf8bb431c4
  1874 | D:2      | Reached XP level 4. HP: 20/33 MP: 0/0
  2244 | D:3      | Found a basalt altar of Yredelemnul.
  2473 | D:3      | Slain by a gnoll

Illustrated notes

Levels and vault maps discovered:
D:1:      ncdulo_lavacross, layout_loops_ring, minmay_door_square
D:2:      layout_rooms, basic_altar, palyth_stone_intersect
D:3:      layout_basic, lemuel_crystal_altar, roderic_roman_lattice

Skill      XL: |  1  2  3  4 |
---------------+-------------+-----
Spellcasting   | 3 |  3.9
Fighting       | 1 2 |  2.0
Dodging        | |  2.1
Stealth        | |  1.5

Action                   |  1- 3 |  4- 6 || total
-------------------------+-------+-------++-------
Melee: Dagger            |    52 |    13 ||    65
 Cast: Sandblast         |    37 |     4 ||    41
 Stab: Sleeping          |       |     2 ||     2
Armor: Robe              |     5 |     2 ||     7
Dodge: Dodged            |    46 |     5 ||    51

Table legend: (Time is in decaauts)
 A = Elapsed time spent in this place.
 B = Non-inter-level travel time spent in this place.
 C = Inter-level travel time spent in this place.
 D = Time resting spent in this place.
 E = Time spent auto-exploring this place.
 F = Levels seen in this place.
 G = Mean time per level.
                   A        B        C        D        E       F      G
               +--------+--------+--------+--------+--------+-----+--------+
         Total |   2472 |   2395 |     77 |      0 |   2077 |   3 |  824.0 |
       Dungeon |   2472 |   2395 |     77 |      0 |   2077 |   3 |  824.0 |
               +--------+--------+--------+--------+--------+-----+--------+

Top non-repeatable levels by time:
     D:1: 1613 daAuts
     D:2: 604 daAuts
     D:3: 253 daAuts
